 Dungeon Crawl Stone Soup version 0.28-a0-1087-gf3fc490d9d (webtiles) character file.

Game seed: 10871398606489615329

17366 Armakuni the Destroyer (level 12, -3/74 HPs)
             Began as a Human Conjurer on Dec 10, 2021.
             Was a Believer of Vehumet.
             Slain by a boulder beetle (24 damage)
             ... on level 11 of the Dungeon.
             The game lasted 00:37:00 (13947 turns).

Armakuni the Destroyer (Human Conjurer)            Turns: 13947, Time: 00:37:01

Health: -3/74      AC: 15    Str: 12    XL:     12   Next: 81%
Magic:  11/26      EV:  9    Int: 20    God:    Vehumet [**....]
Gold:   968        SH:  0    Dex: 11    Spells: 13/31 levels left

rFire   . . .      SeeInvis .   a - +7 flail of Generosity {vorpal, rElec rC+ rCorr}
rCold   + . .      Faith    .   (no shield)
rNeg    . . .      Spirit   .   N - +1 scale mail {rPois}
rPois   +          Reflect  .   m - +1 helmet
rElec   +          Harm     .   p - +0 cloak
rCorr   +          Rampage  .   n - +0 pair of gloves
Will    .....                   l - +0 pair of boots
Stlth   ..........              M - amulet of magic regeneration
HPRegen 0.22/turn               (no ring)
MPRegen 0.60/turn               (no ring)

@: very slightly contaminated
A: no striking features
a: Renounce Religion


You were on level 11 of the Dungeon.
You worshipped Vehumet.
Vehumet was pleased with you.
You visited 2 branches of the dungeon, and saw 13 of its levels.
You also visited: Sewer.

You collected 1496 gold pieces.
You spent 528 gold pieces at shops.

Inventory:

Hand Weapons
 a - the +7 flail of Generosity (weapon) {vorpal, rElec rC+ rCorr}
   (You found it on level 4 of the Dungeon)

   It inflicts extra damage upon your enemies.
   rC:        It protects you from cold.
   rElec:     It insulates you from electricity.
   rCorr:     It protects you from acid and corrosion.
 b - the +8 scimitar "Agoev" {freeze, rPois Dex+3}
   (You bought it in a shop on level 7 of the Dungeon)

   It freezes those it strikes, dealing additional cold damage.
   It can also slow down cold-blooded creatures.
   Dex:       It affects your dexterity (+3).
   rPois:     It protects you from poison.
 e - a +4 dire flail
Missiles
 i - a curare-tipped dart
Armour
 l - a +0 pair of boots (worn)
 m - a +1 helmet (worn)
 n - a +0 pair of gloves (worn)
 p - a +0 cloak (worn)
 t - a +0 robe
 N - a +1 scale mail of poison resistance (worn)
Magical Staves
 c - a staff of fire
Jewellery
 J - a ring of ice
 M - an amulet of magic regeneration (around neck)
 U - an amulet of faith
Wands
 j - a wand of iceblast (4)
 D - a wand of polymorph (7)
Scrolls
 d - 6 scrolls of fear
 f - 3 scrolls of enchant weapon
 k - 3 scrolls of teleportation
 o - 5 scrolls of enchant armour
 q - 2 scrolls of identify
 x - 2 scrolls of fog
 y - 4 scrolls of magic mapping
 z - a scroll of immolation
 C - a scroll of blinking
 G - 4 scrolls of noise
 L - 2 scrolls of amnesia
Potions
 g - 2 potions of invisibility
 h - 5 potions of might
 s - 2 potions of cancellation
 u - a potion of berserk rage {unknown}
 w - 3 potions of mutation
 B - 2 potions of lignification
 E - a potion of brilliance {unknown}
 F - 4 potions of curing {unknown}
 H - 3 potions of degeneration {unknown}
 I - a potion of flight {unknown}
 K - 2 potions of ambrosia {unknown}


   Skills:
 + Level 7.9 Armour
 - Level 2.0 Dodging
 - Level 2.0 Stealth
 - Level 0.1 Unarmed Combat
 - Level 10.0 Spellcasting
 - Level 10.7 Conjurations
 - Level 4.0 Hexes
 - Level 4.0 Translocations
 - Level 3.0 Air Magic
 - Level 3.0 Poison Magic
 - Level 9.0 Evocations


You had 13 spell levels left.
You knew the following spells:

 Your Spells              Type           Power      Damage    Failure   Level
c - Mephitic Cloud        Conj/Pois/Air  32%        N/A       9%          3
i - Inner Flame           Hex/Fire       18%        N/A       36%         3
m - Iskenderun's Mystic   Conj/Tloc      39%        2d9       14%         4
p - Fulminant Prism       Conj/Hex       19%        3d11      14%         4
s - Scorch                Fire           20%        2d6       38%         2
z - Searing Ray           Conj           100%       2d8       1%          2

Your spell library contained the following spells:

 Spells                   Type           Power      Damage    Failure   Level
 Magic Dart               Conj           100%       1d8       1%          1
 Shock                    Conj/Air       100%       1d9       1%          1
 Dazzling Flash           Conj/Hex       78%        N/A       4%          3
 Poisonous Vapours        Pois/Air       44%        N/A       12%         2
 Corpse Rot               Necr/Air       32%        N/A       22%         2
 Swiftness                Air            22%        N/A       24%         3
 Summon Small Mammal      Summ           40%        N/A       28%         1
 Summon Guardian Golem    Hex/Summ       18%        N/A       36%         3
 Call Imp                 Summ           10%        N/A       38%         2
 Ignite Poison            Fire/Tmut/Pois 14%        N/A       50%         3
 Call Canine Familiar     Summ           10%        N/A       63%         3
 Frozen Ramparts          Ice            20%        1d4       63%         3
 Airstrike                Air            11%        N/A       63%         4
 Freezing Cloud           Conj/Ice/Air   14%        6-21      75%         5
 Ice Form                 Ice/Tmut       10%        N/A       95%         4
 Summon Ice Beast         Ice/Summ       10%        N/A       95%         4


Dungeon Overview and Level Annotations

Branches:
Dungeon (12/15)            Temple (1/1) D:5            Lair (0/6) D:8
  Sewer (visited)
    Orc: D:9-12

Altars:
Ashenzari
Cheibriados
Dithmenos
Elyvilon
Fedhas
Gozag
Hepliaklqana
Kikubaaqudgha
Makhleb
Okawaru
Qazlal
Ru
Sif Muna
Trog
Uskayaw
Vehumet
Wu Jian
Xom
Yredelemnul
Zin
The Shining One

Shops:
D:7 ?*   D:8 [

Portals:
Trove: D:11 (give 12 potions of heal wounds)
Ice
Cave: D:12


Message History

You are very lightly contaminated with residual magic.
Energy rips through your body. The boulder beetle bites you!
Casting: Iskenderun's Mystic Blast (dangerous; 14% risk of failure)
Confirm with . or Enter, or press ? or * to list all spells.
You miscast Iskenderun's Mystic Blast.
Nothing appears to happen.
Casting: Iskenderun's Mystic Blast (dangerous; 14% risk of failure)
Confirm with . or Enter, or press ? or * to list all spells.
You miscast Iskenderun's Mystic Blast.
The air around you crackles with energy.
The boulder beetle bites you.
Okay, then.
Unknown command.
Aiming: Searing Ray (safe; 1% risk of failure)
Press: ? - help, Q - select action, (/) - cycle Shift-Dir - straight line, f/p - boulder beetle
Aim: a boulder beetle (moderately wounded, very poisoned, slow, 100% to hit)
The searing ray hits the boulder beetle but does no damage.
The boulder beetle is moderately wounded. (Press . to maintain the ray.)
The boulder beetle bites you.
The searing ray hits the boulder beetle.
The boulder beetle is heavily wounded.
The searing ray hits the boulder beetle!
The boulder beetle is heavily wounded.
The boulder beetle closely misses you.
The searing ray hits the boulder beetle but does no damage.
The boulder beetle is severely wounded.
You finish channelling your searing ray.
Aiming: Searing Ray (safe; 1% risk of failure)
Press: ? - help, Q - select action, (/) - cycle Shift-Dir - straight line, f/p - boulder beetle
Aim: a boulder beetle (severely wounded, poisoned, slow, 100% to hit)
The searing ray hits the boulder beetle!
The boulder beetle is severely wounded. (Press . to maintain the ray.)
The boulder beetle bites you!!
* * * LOW HITPOINT WARNING * * *
The searing ray hits the boulder beetle but does no damage.
The boulder beetle is almost dead.
The boulder beetle is no longer moving slowly.
The boulder beetle bites you!!
You die...

###############...........#
≈#...#....................#
['.∩.##'##..###.....[.....#
≈#...#...+..#.............##
########.#..#.#............#
....# #.#..#..............#
....# #.#..#..............#
#...# #.#..#(.............#
#...# #.'..#...@.........##
#...# #.####..B..........#
#...####..................#
#.........##..........##..#
.........^................#
###########################


You could see a boulder beetle (poisoned).

Vanquished Creatures
  A hydra (D:11)
  A vault guard (D:11)
  2 boulder beetles
  2 death knights (D:9)
  3 death yaks (D:8)
  3 two-headed ogres
  An obsidian statue (D:11)
  An ugly thing (D:10)
  2 cyclopes (D:9)
  A gargoyle (D:9)
  An unseen horror (D:11)
  A kobold demonologist (D:11)
  Psyche (D:8)
  2 trolls
  Grinder (D:3)
  A hornet (D:10)
  A wyvern (D:10)
  A shadow (D:9)
  7 yaks
  2 wraiths
  A vampire (D:10)
  Eustachio (D:5)
  2 water moccasins
  An acid dragon (D:9)
  A black bear (D:5)
  5 orc warriors
  An ice beast (D:4)
  2 necrophages
  An ogre (D:4)
  3 centaurs
  A phantom (D:6)
  4 bullfrogs
  3 scorpions
  2 water moccasin skeletons (D:5)
  10 killer bees
  12 wights
  A howler monkey (Temple)
  A bullfrog zombie (D:4)
  2 centaur zombies
  A bullfrog skeleton (D:6)
  7 hounds
  An orc priest (D:9)
  A centaur skeleton (D:6)
  Crazy Yiuf (D:4)
  2 iguanas
  Jessica (D:3)
  Ijyb (D:4)
  9 orc wizards
  Natasha (twice) (D:3)
  A hell rat (D:8)
  A howler monkey zombie (D:8)
  Robin (D:4)
  4 river rats (D:8)
  7 adders
  A shadow imp (D:8)
  A white imp (D:8)
  4 worms
  3 dart slugs
  26 orcs
  11 ball pythons
  2 bats
  6 endoplasms
  4 giant cockroaches
  14 goblins
  9 hobgoblins
  7 kobolds
  6 quokkas
  10 frilled lizards
  9 rats
242 creatures vanquished.

Vanquished Creatures (collateral kills)
  A centaur warrior (D:9)
1 creature vanquished.

Vanquished Creatures (others)
  9 fulminant prisms
  A fungus (D:4)
  2 withered plants (D:1)
12 creatures vanquished.

Grand Total: 255 creatures vanquished

Notes
Turn   | Place    | Note
-------+----------+-------------------------------------------
     0 | D:1      | Armakuni the Human Conjurer began the quest for the Orb.
     0 | D:1      | Reached XP level 1. HP: 13/13 MP: 3/3
   248 | D:1      | Reached XP level 2. HP: 19/19 MP: 1/5
   305 | D:1      | Learned a level 2 spell: Searing Ray
   735 | D:1      | Found a faded altar of an unknown god.
   877 | D:1      | Reached XP level 3. HP: 24/24 MP: 3/6
  1190 | D:1      | Reached skill level 5 in Conjurations
  2212 | D:2      | Found a sacrificial altar of Ru.
  2253 | D:2      | Found a hide-covered altar of Uskayaw.
  2657 | D:3      | Noticed Grinder
  2666 | D:3      | Reached XP level 4. HP: 30/30 MP: 2/7
  2833 | D:3      | Noticed Natasha
  2835 | D:3      | Killed Natasha
  2836 | D:3      | Reached skill level 1 in Evocations
  2887 | D:3      | Noticed Jessica
  2890 | D:3      | Killed Jessica
  2891 | D:3      | Reached XP level 5. HP: 35/35 MP: 4/8
  3025 | D:3      | Paralysed by Grinder for 7 turns
  3043 | D:3      | Paralysed by Grinder for 3 turns
  3056 | D:3      | Killed Grinder
  3057 | D:3      | Reached XP level 6. HP: 35/41 MP: 2/9
  3078 | D:3      | Gained mutation: You have a pair of small horns on your
                  | head. [potion of mutation]
  3078 | D:3      | Lost mutation: You have a pair of small horns on your head.
                  | [potion of mutation]
  3095 | D:3      | Reached XP level 7. HP: 13/46 MP: 0/10
  3386 | D:3      | Learned a level 4 spell: Iskenderun's Mystic Blast
  3441 | D:3      | Noticed Natasha
  3448 | D:3      | Killed Natasha
  3979 | D:4      | Found a large runed translucent door.
  3979 | D:4      | Found a large runed translucent door.
  4019 | D:4      | Reached skill level 5 in Evocations
  4019 | D:4      | Reached XP level 8. HP: 52/52 MP: 8/11
  4083 | D:4      | Found a large runed translucent door.
  4083 | D:4      | Found a large runed translucent door.
  4087 | D:4      | Identified the +7 flail of Generosity {vorpal, rElec rC+
                  | rCorr}
  4340 | D:4      | Noticed Robin
  4347 | D:4      | Killed Robin
  4521 | D:4      | Noticed Ijyb
  4533 | D:4      | Killed Ijyb
  5024 | D:4      | Found a runed translucent door.
  5025 | D:4      | Noticed Crazy Yiuf
  5030 | D:4      | Killed Crazy Yiuf
  5073 | D:5      | Entered Level 5 of the Dungeon
  5083 | D:5      | Found a staircase to the Ecumenical Temple.
  5124 | Temple   | Entered the Ecumenical Temple
  5355 | D:5      | Found a glowing drain.
  5367 | Sewer    | Entered a sewer
  5745 | Sewer    | Reached XP level 9. HP: 57/57 MP: 12/12
  6107 | D:5      | Learned a level 3 spell: Mephitic Cloud
  6361 | D:5      | Found a hide-covered altar of Uskayaw.
  6363 | D:5      | Found a bloodstained altar of Trog.
  6363 | D:5      | Found an iron altar of Okawaru.
  6365 | D:5      | Found an iron altar of Okawaru.
  6365 | D:5      | Found a shimmering altar of Xom.
  6365 | D:5      | Found a basalt altar of Yredelemnul.
  6431 | D:6      | Noticed a troll
  6436 | D:6      | Noticed Eustachio
  6441 | D:6      | Killed a troll
  6558 | D:5      | Killed Eustachio
  6633 | D:6      | Found a radiant altar of Vehumet.
  6756 | D:6      | Became a worshipper of Vehumet
  7083 | D:6      | Reached skill level 10 in Conjurations
  7390 | D:7      | Reached skill level 1 in Translocations
  7437 | D:7      | Found Kufutum's Magic Scroll Boutique.
  7634 | D:7      | Reached XP level 10. HP: 63/63 MP: 4/13
  7904 | D:7      | Found Ysam's Assorted Antiques.
  7909 | D:7      | Bought a black potion for 22 gold pieces
  7909 | D:7      | Bought 3 scrolls labelled ADDILL XIAHIUXT for 75 gold
                  | pieces
  7909 | D:7      | Bought a scroll of identify for 50 gold pieces
  7914 | D:7      | Bought an ichor-stained scimitar for 225 gold pieces
  7914 | D:7      | Identified the +8 scimitar "Agoev" {freeze, rPois Dex+3}
                  | (You bought it in a shop on level 7 of the Dungeon)
  8121 | D:8      | Found a broken altar of Ashenzari.
  8122 | D:8      | Noticed a death yak
  8233 | D:8      | Reached skill level 1 in Air Magic
  8233 | D:8      | Reached skill level 1 in Poison Magic
  8273 | D:8      | Noticed a death yak
  8274 | D:8      | Noticed a death yak
  8275 | D:8      | Killed a death yak
  8283 | D:8      | Reached * piety under Vehumet
  8283 | D:8      | Offered knowledge of Freeze by Vehumet.
  8294 | D:8      | Killed a death yak
  8300 | D:8      | Noticed Psyche
  8301 | D:8      | Killed a death yak
  8302 | D:8      | Reached skill level 5 in Spellcasting
  8309 | D:8      | Killed Psyche
  8552 | D:8      | Learned a level 4 spell: Fulminant Prism
  8753 | D:8      | Found Zarphoc Ozitt's Armour Emporium.
  8768 | D:8      | Bought a +1 scale mail of poison resistance for 156 gold
                  | pieces
  8785 | D:8      | Found a staircase to the Lair.
  8907 | D:8      | Found an ornate altar of the Wu Jian Council.
  8912 | D:8      | Reached skill level 1 in Hexes
  8916 | D:8      | Reached XP level 11. HP: 42/68 MP: 10/20
  9257 | D:9      | Identified the +2 arbalest of Amefot {elec, +Blink Will+
                  | rCorr}
  9272 | D:9      | Noticed a two-headed ogre
  9582 | D:9      | Killed a two-headed ogre
  9600 | D:9      | Identified the +8 short sword of Brawling {holy, Int-4 SInv
                  | Stlth+}
 10482 | D:9      | Noticed a cyclops
 10490 | D:9      | Noticed a death knight
 10493 | D:9      | Killed a cyclops
 10502 | D:9      | Killed a death knight
 10544 | D:9      | Noticed a boulder beetle
 10550 | D:9      | Noticed a cyclops
 10757 | D:9      | Killed a boulder beetle
 10757 | D:9      | Reached ** piety under Vehumet
 10757 | D:9      | Offered knowledge of Scorch by Vehumet.
 10761 | D:9      | Learned a level 2 spell: Scorch
 10788 | D:9      | Killed a cyclops
 10795 | D:9      | Noticed a death knight
 10805 | D:9      | Noticed a centaur warrior
 10810 | D:9      | Killed a centaur warrior
 10826 | D:9      | Killed a death knight
 10827 | D:9      | Reached skill level 10 in Spellcasting
 10987 | D:9      | Identified the +2 leather armour of Agoraphobia {Dex+4}
 11097 | D:10     | Entered Level 10 of the Dungeon
 11097 | D:10     | Noticed a two-headed ogre
 11107 | D:10     | Killed a two-headed ogre
 11108 | D:10     | Reached skill level 1 in Armour
 11108 | D:10     | Reached XP level 12. HP: 51/74 MP: 14/26
 11440 | D:10     | Found a bloodstained altar of Trog.
 12084 | D:11     | Noticed a boulder beetle
 12095 | D:11     | Killed a boulder beetle
 12325 | D:11     | Identified the +0 battleaxe "Uneusas" {holy, Dex+4}
 12373 | D:11     | Reached skill level 5 in Armour
 12436 | D:11     | Found a hide-covered altar of Uskayaw.
 12436 | D:11     | Noticed a +0 hand axe
 12437 | D:11     | Noticed a +0 dagger
 12838 | D:11     | Noticed a two-headed ogre
 12847 | D:11     | Killed a two-headed ogre
 12850 | D:11     | Noticed a six-headed hydra
 12855 | D:11     | Killed a six-headed hydra
 13123 | D:11     | Noticed a vault guard
 13143 | D:11     | Killed a vault guard
 13352 | D:11     | Found a portal to a secret trove of treasure.
 13357 | D:11     | Identified a scroll of acquirement
 13357 | D:11     | Acquired 717 gold pieces
 13882 | D:11     | Offered knowledge of Inner Flame by Vehumet.
 13933 | D:11     | Learned a level 3 spell: Inner Flame
 13935 | D:12     | Noticed a boulder beetle
 13935 | D:12     | Found a frozen archway.
 13947 | D:11     | Slain by a boulder beetle

Illustrated notes

Levels and vault maps discovered:
D:1:      arrival_zaba_pyramid, layout_basic,
          ebering_ecumenical_altar_petrified, minmay_misc_feat_rugged
D:2:      layout_basic, basic_altar, kennysheep_flooded_box,
          hangedman_glass_garden, amethyst_killhole
D:3:      layout_loops_ring, nicolae_overflow_hidden_temple, uniq_natasha,
          uniq_jessica, uniq_grinder
D:4:      layout_basic, minmay_hollow_rounded_squares, uniq_ijyb, uniq_robin,
          uniq_crazy_yiuf_cottage
D:5:      layout_basic, doesnt_xom_only_xom, minmay_temple_entry_grid,
          portal_sewer_entry_b, roderic_lattice_a
D:6:      layout_rooms, amcnicky_altar_gilded, minmay_misc_feat_columns,
          uniq_eustachio
D:7:      layout_loops_ring, serial_shops, kennysheep_little_box,
          nicolae_take_the_stairs
D:8:      layout_cave_pools, mainiacjoe_overflow_catwalk,
          nicolae_wu_jian_immortal_techniques, dpeg_lair_monsters, serial_shops,
          nicolae_shop_waterfront, uniq_psyche
D:9:      layout_cave_pods, minmay_evil_grid
D:10:     layout_cave_pools, tgw_trog
D:11:     nicolae_cairo_tiling_large_dashed, layout_stronghold, enter_trove_5,
          minivault_16, dancing_weapons_uskayaw
D:12:     layout_cave_pools, erik_orc_4, portal_ice_cave_entry_pillars_2,
          uniq_nessos
Temple:   regret_index_temple_sphere_string

Skill      XL: |  1  2  3  4  5  6  7  8  9 10 11 12 |
---------------+-------------------------------------+-----
Conjurations   | 5 6 7 8 10 | 10.7
Evocations     | 1 3 5 6 8 9 |  9.0
Translocations | 2 4 |  4.0
Air Magic      | 3 |  3.0
Poison Magic   | 3 |  3.0
Spellcasting   | 6 10 | 10.0
Hexes          | 1 4 |  4.0
Armour         | 1 7 |  7.9
Dodging        | |  2.0
Stealth        | |  2.0
Unarmed Combat | |  0.1

Action                   |  1- 3 |  4- 6 |  7- 9 | 10-12 || total
-------------------------+-------+-------+-------+-------++-------
Melee: Unarmed           |     9 |       |       |       ||     9
       Club              |       |    28 |       |       ||    28
       Dagger            |       |       |    12 |       ||    12
       Flail             |       |       |    27 |    27 ||    54
       Scimitar          |       |       |       |     1 ||     1
Throw: Dart              |       |       |       |     6 ||     6
 Cast: Magic Dart        |    11 |       |       |       ||    11
       Searing Ray       |    32 |    11 |    78 |    84 ||   205
       Iskenderun's Myst |       |       |     2 |    34 ||    36
       Mephitic Cloud    |       |       |       |    17 ||    17
       Fulminant Prism   |       |       |       |     9 ||     9
Evoke: Wand              |       |     1 |    14 |    32 ||    47
  Use: Scroll            |       |     2 |     8 |    13 ||    23
       Potion            |       |     3 |       |       ||     3
 Stab: Invisible         |       |       |       |     1 ||     1
       Confused          |       |       |       |     1 ||     1
Armor: Robe              |     3 |     4 |    42 |    30 ||    79
       Skin              |       |    25 |       |       ||    25
       Scale mail        |       |       |       |    28 ||    28
Dodge: Dodged            |     7 |     3 |    90 |    76 ||   176

Table legend: (Time is in decaauts)
 A = Elapsed time spent in this place.
 B = Non-inter-level travel time spent in this place.
 C = Inter-level travel time spent in this place.
 D = Time resting spent in this place.
 E = Time spent auto-exploring this place.
 F = Levels seen in this place.
 G = Mean time per level.
                   A        B        C        D        E       F      G
               +--------+--------+--------+--------+--------+-----+--------+
         Total |  14055 |  13738 |    317 |   2406 |   8561 |  14 | 1003.9 |
       Dungeon |  13388 |  13097 |    291 |   2406 |   8098 |  12 | 1115.7 |
        Temple |    177 |    151 |     26 |      0 |    134 |   1 |  177.0 |
         Sewer |    489 |    489 |      0 |      0 |    329 |   1 |  489.0 |
               +--------+--------+--------+--------+--------+-----+--------+

Top non-repeatable levels by time:
    D:11: 1953 daAuts
     D:9: 1830 daAuts
     D:1: 1468 daAuts
     D:4: 1456 daAuts
     D:2: 1334 daAuts
     D:8: 1259 daAuts
    D:10: 884 daAuts
     D:5: 873 daAuts
     D:7: 862 daAuts
     D:3: 829 daAuts
     D:6: 634 daAuts
   Sewer: 489 daAuts
  Temple: 177 daAuts
    D:12: 1 daAuts
